 Dungeon Crawl Stone Soup version 0.31-a0-845-g9abc20d24f (webtiles) character file.

Game seed: 10836751936499253202

358 Kurtz the Chopper (level 6, -1/42 HPs)
             Began as an Octopode Fighter on Oct 2, 2023.
             Splashed by a jelly's acid (10 damage)
             ... on level 4 of the Dungeon.
             The game lasted 00:02:58 (2293 turns).

Kurtz the Chopper (Octopode Fighter)                Turns: 2293, Time: 00:02:59

Health: -1/42      AC:  1    Str: 17    XL:     6   Next: 64%
Magic:  6/6        EV: 18    Int: 11    God:
Gold:   97         SH:  5    Dex: 11    Spells: 5/5 levels left

rFire   . . .        a - +0 war axe
rCold   . . .        b - +1 buckler
rNeg    . . .        (helmet restricted)
rPois   .            (no amulet)
rElec   .            i - +5 ring of evasion
rCorr   .            (no ring)
SInv    .            (no ring)
Will    .....        (no ring)
Stlth   ++           (no ring)
HPRegen 0.27/turn    (no ring)
MPRegen 0.10/turn    (no ring)
                     (no ring)

%: no passive effects
@: no status effects
A: almost no armour, amphibious, 8 rings, camouflage 1, gelatinous body 1,
(nimble swimmer 1), tentacles
a: no special abilities


You were on level 4 of the Dungeon.
You visited 1 branch of the dungeon, and saw 6 of its levels.
You also visited: Ossuary.

You collected 97 gold pieces.

Inventory:

Hand Weapons
 a - a +0 war axe (weapon)
Missiles
 f - 2 poisoned darts
Armour
 b - a +1 buckler (worn)
Jewellery
 i - a +5 ring of evasion (left tentacle)
Scrolls
 c - 2 scrolls of identify {unknown}
 g - 4 scrolls of teleportation
 h - a scroll of vulnerability
 j - 2 scrolls of poison
 k - a scroll of blinking {unknown}
 m - a scroll of amnesia {unknown}
 n - a scroll of enchant armour
Potions
 d - a potion of attraction
 e - a potion of enlightenment
 l - a potion of magic {unknown}
 o - a potion of curing {unknown}


   Skills:
 - Level 3.0 Fighting
 * Level 6.9 Axes
 - Level 3.0 Dodging
 - Level 3.0 Shields


You had 5 spell levels left.
You didn't know any spells.
Your spell library was empty.

Dungeon Overview and Level Annotations

Branches:
Dungeon (6/15)            Ossuary (visited)
 Temple: D:4-7

Altars:

Shops:
D:1 :

Annotations:
D:4 Robin


Innate Abilities, Weirdness & Mutations

You cannot wear most types of armour.
You are amphibious.
You can wear up to eight rings at the same time.
Your skin changes colour to match your surroundings (Stealth+).
Your rubbery body absorbs attacks. (AC +1, EV +1)
((You are camouflaged when in or above water. (Stealth+)))
You have tentacles for arms and can constrict up to eight enemies at once.


Message History

No target in view!
Unknown command.
No target in view!
No target in view!
Unknown command.
You climb upwards.
Level annotation: Robin The hound zombie barely misses you.
The howler monkey zombie closely misses you.
You block the adder zombie's attack. The hound zombie closely misses you.
The howler monkey zombie closely misses you.
There is a stone staircase leading down here.
You barely miss the adder zombie. You grab the adder zombie.
You squeeze the adder zombie!
The adder zombie is almost destroyed.
You hit the orc. You closely miss the hound zombie.
You hit the howler monkey zombie. You constrict the adder zombie.
The adder zombie misses you. The hound zombie misses you. The orc misses you.
The howler monkey zombie barely misses you.
You slash the adder zombie!
You destroy the adder zombie!
You slash the hound zombie! You slash the howler monkey zombie!
You slash the orc!
You kill the orc!
The hound zombie barely misses you.
Robin says, "Kneel, worm!"
Robin hits you from afar with a +5 spear of freezing!
Robin freezes you. The howler monkey zombie hits you.
You hit the howler monkey zombie. You grab the howler monkey zombie.
The howler monkey zombie is severely damaged.
You hit the jelly.
Your tentacles burn!
You closely miss the goblin. You constrict the howler monkey zombie.
Robin hits you from afar with a +5 spear of freezing.
Robin freezes you. The howler monkey zombie hits you.
* * * LOW HITPOINT WARNING * * *
You release your grip on the howler monkey zombie.
The jelly hits you.
* * * LOW HITPOINT WARNING * * *
You are splashed with acid!
You die... # . +.#####.... #ZJ@.g..... #.#Zg##.... # .ZZZ.

. ....!.#
#####....
#....
..[..
.....


You could see a jelly, Robin, 2 adder zombies, 2 hound zombies, a howler monkey
zombie and a goblin (strong).

Vanquished Creatures
  A phantom (D:5)
  A hound (D:3)
  3 iguanas (D:5)
  3 mummies (Ossuary)
  2 adders
  A worm zombie (D:5)
  5 adder zombies
  2 worms
  2 dart slugs (D:2)
  3 orcs
  3 endoplasms
  A gnoll zombie (Ossuary)
  13 goblins
  8 hobgoblins
  7 jackals
  4 kobolds
  3 quokkas
  4 ball pythons (D:1)
  6 bats
  5 frilled lizards
  7 hobgoblin zombies
  5 kobold zombies (Ossuary)
  2 quokka zombies (Ossuary)
  4 rats
95 creatures vanquished.

Notes
Turn   | Place    | Note
-------+----------+-------------------------------------------
     0 | D:1      | Kurtz the Octopode Fighter began the quest for the Orb.
     0 | D:1      | Reached XP level 1. HP: 16/16 MP: 1/1
    31 | D:1      | Found Omnawiow's Book Shop.
   137 | D:1      | Reached XP level 2. HP: 18/21 MP: 2/2
   274 | D:1      | Reached skill level 3 in Axes
   454 | D:1      | Reached XP level 3. HP: 26/26 MP: 3/3
  1183 | D:3      | Reached skill level 4 in Axes
  1183 | D:3      | Reached XP level 4. HP: 30/31 MP: 4/4
  1396 | D:3      | You fall into a shaft and drop 3 floors!
  1403 | D:5      | Entered Level 5 of the Dungeon
  1503 | D:5      | Noticed a phantom
  1525 | D:5      | Killed a phantom
  1526 | D:5      | Reached skill level 5 in Axes
  1526 | D:5      | Reached XP level 5. HP: 23/36 MP: 5/5
  1571 | D:5      | Reached skill level 6 in Axes
  1571 | D:5      | Reached XP level 6. HP: 15/42 MP: 6/6
  1668 | D:5      | Found a sand-covered staircase.
  1686 | Ossuary  | Entered an ossuary
  2233 | D:4      | Noticed Robin
  2293 | D:4      | Splashed by a jelly's acid

Illustrated notes

Levels and vault maps discovered:
D:1:      lightli_arrival_statue_moat, layout_rooms, serial_shops, shop
D:2:      layout_basic, minmay_misc_feat_doors
D:3:      layout_rooms
D:4:      layout_rooms, kennysheep_little_box, temple_doors_ab, serial_undead,
          serial_undead_b, serial_undead_a, serial_undead_a, serial_undead_c,
          uniq_robin
D:5:      layout_gridville, enter_ossuary_3
D:6:      minmay_thick_lines, layout_loops_ring, general_overflow_altar,
          skrybe_limestone_x, uniq_pikel, uniq_grinder, uniq_eustachio

Skill      XL: |  1  2  3  4  5 |
---------------+----------------+-----
Axes           | 3 4 5 6 |  6.9
Fighting       | |  3.0
Dodging        | |  3.0
Shields        | |  3.0

Action                     |  1- 3 |  4- 6 || total
---------------------------+-------+-------++-------
  Melee: War axe           |    66 |   124 ||   190
         Constrict         |    16 |    27 ||    43
         Tentacles         |    11 |    24 ||    35
         Punch             |       |     1 ||     1
    Use: Scroll            |       |     5 ||     5
         Potion            |       |     4 ||     4
   Stab: Sleeping          |     7 |     1 ||     8
 Armour: Skin              |    26 |    54 ||    80
  Dodge: Dodged            |    30 |    98 ||   128
  Block: Buckler           |    11 |    33 ||    44

Table legend: (Time is in decaauts)
 A = Elapsed time spent in this place.
 B = Non-inter-level travel time spent in this place.
 C = Inter-level travel time spent in this place.
 D = Time resting spent in this place.
 E = Time spent auto-exploring this place.
 F = Levels seen in this place.
 G = Mean time per level.
                   A        B        C        D        E       F      G
               +--------+--------+--------+--------+--------+-----+--------+
         Total |   2372 |   2286 |     86 |    306 |   1222 |   7 |  338.9 |
       Dungeon |   1865 |   1779 |     86 |     84 |   1183 |   6 |  310.8 |
       Ossuary |    506 |    506 |      0 |    222 |     39 |   1 |  506.0 |
               +--------+--------+--------+--------+--------+-----+--------+

Top non-repeatable levels by time:
     D:2: 678 daAuts
     D:1: 515 daAuts
 Ossuary: 506 daAuts
     D:5: 408 daAuts
     D:3: 235 daAuts
     D:4: 20 daAuts
     D:6: 6 daAuts
